Map: Catalyst LE

Players

axu

  • Race: Protoss Protoss
  • League: Platinum
  • Spawn Location: 5:00

Obionekinoby - Winner!

  • Race: Protoss Protoss
  • League: Platinum
  • Spawn Location: 11:00

VOD

Have the link to the VOD?

Description

Time

  • Played on: March 27, 2018, 1:03 p.m.
  • Length: 7:21
Show
View Real Time Build Order
Export as new Build Order

axu Protoss 

Build Orders:  

Get SALT Encoding   

  12  0:02  Probe  
  14  0:14  Probe  
  14  0:19  Pylon  
  14  0:28  Probe  
  15  0:40  Probe  
  16  0:44  Gateway  
  16  0:52  Probe (Chrono Boost)  
  17  1:02  Assimilator  
  18  1:04  Assimilator, Probe (Chrono Boost)  
  18  1:14  Gateway  
  18  1:15  Probe  
  19  1:27  Probe  
  20  1:34  Cybernetics Core  
  20  1:39  Probe  
  21  1:56  Probe  
  22  2:02  Pylon  
  22  2:08  Probe  
  22  2:12  Warp Gate (Chrono Boost)  
  23  2:20  Adept x2  
  27  2:44  Nexus  
  27  3:02  Probe  
  28  3:07  Adept  
  30  3:14  Pylon  
  30  3:23  Adept  
  16  3:46  Probe  
  11  3:58  Probe  
  9  4:10  Probe  
  7  4:32  Gateway, Probe x2  
  7  4:34  Gateway  
  7  4:38  Stalker x2  
  13  4:44  Probe  
  12  5:15  Probe x2  
  14  5:37  Probe  
  14  5:41  Probe  
  14  6:06  Stalker  
  6  6:21  Probe  
  5  6:35  Probe (Chrono Boost)  
  6  6:50  Probe (Chrono Boost)  
  7  7:04  Probe  
  7  7:08  Probe  
Show
View Real Time Build Order
Export as new Build Order

Obionekinoby Protoss - Winner!

Build Orders: Oracle Opening 

Get SALT Encoding   

  12  0:02  Probe  
  13  0:14  Probe  
  13  0:18  Pylon  
  14  0:26  Probe  
  15  0:39  Gateway, Probe (Chrono Boost)  
  16  0:47  Assimilator  
  17  0:51  Probe (Chrono Boost)  
  17  0:55  Assimilator  
  17  1:01  Probe (Chrono Boost)  
  18  1:13  Probe  
  19  1:25  Probe  
  20  1:26  Cybernetics Core  
  20  1:30  Pylon  
  20  1:37  Probe  
  21  1:43  Pylon  
  21  1:49  Probe  
  22  2:01  Probe  
  22  2:03  Stargate  
  23  2:09  Stalker (Chrono Boost)  
  25  2:20  Warp Gate  
  25  2:21  Probe  
  26  2:25  Gateway  
  26  2:33  Probe  
  27  2:44  Oracle (Chrono Boost)  
  27  2:47  Gateway  
  29  3:10  Probe  
  29  3:12  Oracle (Chrono Boost)  
  30  3:14  Pylon  
  25  3:58  Probe  
  24  4:10  Probe  
  25  4:22  Probe  
  25  4:34  Stalker  
  25  4:35  Probe (Chrono Boost)  
  28  4:42  Stalker  
  28  4:44  Nexus  
  30  4:47  Probe (Chrono Boost)  
  31  4:55  Probe (Chrono Boost)  
  32  5:01  Probe  
  30  5:10  Oracle  
  30  5:13  Probe  
  34  5:19  Stalker  
  36  5:25  Probe  
  37  5:28  Pylon  
  37  5:34  Stalker  
  39  5:38  Probe  
  39  5:42  Twilight Council  
  31  6:28  Probe (Chrono Boost)  
  33  6:33  Probe (Chrono Boost)  
  33  6:38  Probe (Chrono Boost)  
  34  6:41  Stalker  
  34  6:42  Probe (Chrono Boost)  
  34  6:43  Stalker, Probe (Chrono Boost)  
  40  6:58  Probe  
  40  6:59  Probe  
  42  7:11  Probe x2 (Chrono Boost)  
Tags
 
Add a new tag
Caveats
  • Supply blocks, unpowered buildings, or Contaminate may cause inaccurate times.
  • Supply counts are checked every 10 seconds.